AoeStats
← High T

Arabia

504062598Analyzed
1v1 RM · 29d ago on Sep 3, 2026· 37m 27s· 2 players
Game mode
Random Map
Map size
Tiny (2 player)
Population
200
Speed
Normal
Resources
Standard
Victory
Conquest
Starting age
Dark Age
Ending age
Imperial Age
RankedLock teamsTeams togetherTeam positionsShared explorationLock speedFull tech treeHidden civsTurbo modeCheats
Victory
Defeat
🇧🇪 Japanese · Belgium
820
+37
🇺🇸 Japanese · United States
774
-14
High T
10:27 Feudal Age
10:42 Man-at-Arms
11:19 Double-Bit Axe
12:59 Scale Mail Armor
13:45 Scale Mail Armor
17:12 Horse Collar
23:11 Castle Age
23:16 Long Swordsman
24:10 Forging
24:16 Chain Mail Armor
24:49 Gambesons
25:07 Squires
24:53 Arson
26:31 Iron Casting
31:43 Bow Saw
31:36 Heavy Plow
36:02 Wheelbarrow
37:42 Gold Mining
40:31 Imperial Age
Forger1962
8:20 Loom
10:58 Feudal Age
18:57 Castle Age
27:11 Horse Collar
Connection lost

Rejoining the realm…

Still unreachable

The connection could not be restored.

Session expired

The server has moved on; the page needs a fresh start.